 Dungeon Crawl Stone Soup version 0.27.1-34-g3ba077fa99 (webtiles) character file.

Game seed: 7222579542133177546

6963 sankara the Grappler (level 10, -25/86 HPs)
             Began as a Minotaur Transmuter on Jan 21, 2022.
             Was a Priest of Okawaru.
             Annihilated by Gastronok (33 damage)
             ... on level 8 of the Dungeon on Jan 22, 2022.
             The game lasted 00:33:15 (14302 turns).

sankara the Grappler (Minotaur Transmuter)         Turns: 14302, Time: 00:33:17

Health: -25/86     AC:  4    Str: 15    XL:     10   Next: 81%
Magic:  8/12       EV: 15    Int: 10    God:    Okawaru [***...]
Gold:   455        SH:  5    Dex: 14    Spells: 6/12 levels left

rFire    + . .     SeeInvis +     - Unarmed
rCold    . . .     Faith    .   (no shield)
rNeg     . . .     Spirit   .   a - +0 robe
rPois    .         Reflect  +   (helmet restricted)
rElec    .         Harm     .   (no cloak)
rCorr    .         Rampage  .   s - +0 pair of gloves
Will     .....                  f - +0 pair of boots
Stlth    +.........             r - amulet of reflection
HPRegen  0.24/turn              m - ring of see invisible
MPRegen  0.13/turn              v - ring of protection from fire

@: lethally poisoned (-25 -> -37)
A: horns 2, retaliatory headbutt
a: Renounce Religion, Heroism


You were on level 8 of the Dungeon.
You worshipped Okawaru.
Okawaru was most pleased with you.
You visited 2 branches of the dungeon, and saw 10 of its levels.

You collected 455 gold pieces.

Inventory:

Missiles
 b - 180 stones
 j - 38 poisoned darts (quivered)
 o - 4 boomerangs
 q - 75 sling bullets
Armour
 a - a +0 robe (worn)
 f - a +0 pair of boots (worn)
 s - a +0 pair of gloves (worn)
Jewellery
 m - a ring of see invisible (left hand)
 r - an amulet of reflection (around neck)
 v - a ring of protection from fire (right hand)
Wands
 c - a wand of mindburst (22)
 g - a wand of acid (10)
 n - a wand of flame (55)
Scrolls
 i - 3 scrolls of enchant weapon
 l - a scroll of magic mapping
 p - 6 scrolls of teleportation
 u - 2 scrolls of fear {unknown}
 w - a scroll of identify
 y - a scroll of acquirement {unknown}
 B - a scroll of enchant armour {unknown}
Potions
 d - 2 potions of magic
 h - a potion of flight
 k - 2 potions of haste
 x - a potion of invisibility {unknown}
 z - a potion of curing {unknown}
 A - a potion of lignification {unknown}


   Skills:
 - Level 7.0 Fighting
 + Level 2.9 Throwing
 - Level 7.0 Dodging
 + Level 9.6 Unarmed Combat
 - Level 1.5 Spellcasting
 + Level 7.4 Transmutations
 - Level 3.0 Poison Magic
 + Level 5.0 Invocations
 + Level 2.5 Evocations


You had 6 spell levels left.
You knew the following spells:

 Your Spells              Type           Power      Damage    Failure   Level
a - Beastly Appendage     Tmut           30%        N/A       1%          1
b - Wereblood             Tmut           15%        N/A       2%          2
c - Spider Form           Tmut/Pois      5%         N/A       12%         3

Your spell library contained the following spells:

 Spells                   Type           Power      Damage    Failure   Level
 Ignite Poison            Fire/Tmut/Pois 7%         N/A       24%         3
 Magic Dart               Conj           0%         1d3       32%         1
 Summon Small Mammal      Summ           0%         N/A       32%         1
 Call Imp                 Summ           0%         N/A       45%         2
 Sublimation of Blood     Necr           0%         N/A       45%         2
 Mephitic Cloud           Conj/Pois/Air  2%         N/A       54%         3
 Ice Form                 Ice/Tmut       8%         N/A       56%         4
 Call Canine Familiar     Summ           0%         N/A       69%         3
 Conjure Flame            Conj/Fire      0%         6-21      69%         3
 Summon Guardian Golem    Hex/Summ       0%         N/A       69%         3
 Sticky Flame             Conj/Fire      0%         2d3       97%         4
 Malign Gateway           Summ/Tloc      0%         N/A       100%        7
 Summon Hydra             Summ           0%         N/A       100%        7
 Summon Horrible Things   Summ           0%         N/A       100%        8


Dungeon Overview and Level Annotations

Branches:
Dungeon (9/15)             Temple (1/1) D:7
   Lair: D:8-11         Orc: D:9-12

Altars:
Ashenzari
Cheibriados
Dithmenos
Elyvilon
Fedhas
Gozag
Hepliaklqana
Kikubaaqudgha
Makhleb
Nemelex Xobeh
Okawaru
Qazlal
Ru
Sif Muna
Trog
Uskayaw
Wu Jian
Xom
Yredelemnul
Zin
The Shining One

Annotations:
D:8 Gastronok
D:9 Grum


Innate Abilities, Weirdness & Mutations

You have a pair of horns on your head.
You reflexively headbutt those who attack you in melee.


Message History

The wolf bites you!
* * * LOW HITPOINT WARNING * * *
You block the kobold's attack.
You bite the wolf!
You feel a bit better.
You kill the wolf!
Okawaru accepts your kill.
You feel sick.
The kobold brigand completely misses you.
The kobold completely misses you. Gastronok completely misses you.
Your Invocations skill increases to level 5!
You completely miss the kobold.
You feel sick.
The kobold brigand hits you with a +0 whip.
* * * LOW HITPOINT WARNING * * *
The kobold hits you with a +2 short sword of venom.
* * * LOW HITPOINT WARNING * * *
You are lethally poisoned!
Unknown command.
You feel much better.
Your transformation has ended.
Your +0 pair of gloves unmelds from your body.
Your +0 pair of boots unmelds from your body.
Your +0 robe unmelds from your body.
You feel like a meek peon again.
Your primal bloodlust is almost over.
You feel extremely sick. You block the kobold brigand's attack.
The kobold closely misses you. You furiously retaliate!
You headbutt the kobold.
You feel a bit better.
You kill the kobold!
Gastronok waves his eye-stalks in wide circles.
The air twists around and strikes you!!
* * * LOW HITPOINT WARNING * * *
The kobold brigand misses you. You furiously retaliate!
You headbutt the kobold brigand.
It was a potion of cancellation.
Your magical effects are unravelling.
You feel magically purged.
You feel yourself speed up.
Your primal bloodlust has ended.
* * * LOW HITPOINT WARNING * * *
You feel very sick. You block the kobold brigand's attack.
Gastronok bites you!!
You die...

##...####...#.
#.[..##.#..###
##.........##. ###.......##.
#########..........
##.#....##..........
##........##.........
##..w)K...............
#....@..............##
######...................##
#...##....................#
#.........###.....####....#
##.....รท...###....###..#.##
#........####....#....#...
#.........##..........###.
#....#....#####........##.
#...##....#.#......##...#.


You could see Gastronok (very poisoned) and a kobold brigand.

Vanquished Creatures
  A two-headed ogre (D:7)
  Pikel (D:6)
  A gargoyle (D:7)
  4 hornets
  Sigmund (D:6)
  5 yaks
  A steam dragon (D:3)
  3 water moccasins (D:7)
  2 hornet zombies (D:7)
  2 orc warriors
  2 sky beasts
  2 black bears
  2 ogres
  4 wolves
  2 necrophages
  A centaur (D:6)
  A kobold brigand (D:8)
  A phantom (D:5)
  3 bullfrogs
  3 scorpions
  3 gnoll sergeants
  A wyvern zombie (D:7)
  2 water moccasin zombies (D:7)
  A wyvern skeleton (D:7)
  A bullfrog zombie (D:7)
  3 centaur zombies
  7 hounds
  3 orc priests (D:8)
  2 bullfrog skeletons (D:5)
  4 jellies
  A gnoll shaman (D:7)
  2 centaur skeletons (D:7)
  2 iguanas (D:7)
  4 orc wizards
  15 gnolls
  5 adders
  2 shadow imps (D:7)
  A white imp (D:7)
  3 ufetubi
  A worm (D:2)
  4 dart slugs
  12 orcs
  5 ball pythons
  4 bats
  6 endoplasms
  8 goblins
  7 hobgoblins
  5 quokkas
  A frilled lizard (D:3)
  7 kobolds
  3 rats
167 creatures vanquished.

Notes
Turn   | Place    | Note
-------+----------+-------------------------------------------
     0 | D:1      | sankara the Minotaur Transmuter began the quest for the
                  | Orb.
     0 | D:1      | Reached XP level 1. HP: 16/16 MP: 1/1
   530 | D:1      | Reached XP level 2. HP: 17/23 MP: 1/3
   646 | D:1      | Learned a level 2 spell: Wereblood
   877 | D:1      | Found a faded altar of an unknown god.
  1888 | D:2      | Reached skill level 4 in Unarmed Combat
  1888 | D:2      | Reached XP level 3. HP: 12/28 MP: 1/4
  2408 | D:3      | Noticed a steam dragon
  3248 | D:3      | Reached XP level 4. HP: 30/35 MP: 3/5
  3529 | D:2      | Learned a level 3 spell: Spider Form
  4861 | D:4      | Noticed a black bear
  4995 | D:4      | Killed a black bear
  4996 | D:4      | Reached skill level 1 in Poison Magic
  4996 | D:4      | Reached XP level 5. HP: 37/40 MP: 2/6
  5238 | D:4      | Reached skill level 5 in Unarmed Combat
  5726 | D:5      | Entered Level 5 of the Dungeon
  5733 | D:5      | Reached XP level 6. HP: 46/47 MP: 3/7
  6248 | D:5      | Reached XP level 7. HP: 16/52 MP: 1/8
  6822 | D:5      | Found a snail-covered altar of Cheibriados.
  6870 | D:5      | Found an opulent altar of Gozag.
  7819 | D:3      | Killed a steam dragon
  8204 | D:6      | Noticed Sigmund
  8211 | D:6      | Killed Sigmund
  8212 | D:6      | Reached skill level 6 in Unarmed Combat
  8212 | D:6      | Reached XP level 8. HP: 63/63 MP: 5/9
  8480 | D:6      | Noticed Pikel
  8533 | D:6      | Killed Pikel
  8534 | D:6      | Reached skill level 5 in Transmutations
  8688 | D:6      | Reached skill level 5 in Dodging
  8688 | D:6      | Found a hide-covered altar of Uskayaw.
  8768 | D:6      | Reached skill level 7 in Unarmed Combat
  8934 | D:6      | Reached skill level 5 in Fighting
  9239 | D:7      | Found a staircase to the Ecumenical Temple.
  9254 | Temple   | Entered the Ecumenical Temple
  9324 | Temple   | Became a worshipper of Warmaster Okawaru
  9556 | D:7      | Noticed a hornet
  9558 | D:7      | Killed a hornet
  9559 | D:7      | Reached XP level 9. HP: 74/74 MP: 10/10
  9838 | D:7      | Found a basalt altar of Yredelemnul.
 10154 | D:7      | Reached * piety under Okawaru
 10481 | D:7      | Reached skill level 1 in Invocations
 10730 | D:7      | Reached skill level 8 in Unarmed Combat
 10779 | D:7      | Noticed a two-headed ogre
 10797 | D:7      | Killed a two-headed ogre
 10975 | D:7      | Reached ** piety under Okawaru
 11004 | D:7      | Noticed a gargoyle
 11351 | D:7      | Reached XP level 10. HP: 71/86 MP: 7/11
 12205 | D:7      | Killed a gargoyle
 12477 | D:8      | Found a shimmering altar of Xom.
 12479 | D:8      | Found an ancient bone altar of Kikubaaqudgha.
 12531 | D:7      | Reached skill level 9 in Unarmed Combat
 12755 | D:8      | Reached skill level 1 in Throwing
 12812 | D:8      | Reached skill level 1 in Evocations
 13284 | D:8      | Reached *** piety under Okawaru
 14178 | D:9      | Noticed Grum
 14178 | D:9      | Noticed Gastronok
 14300 | D:8      | Reached skill level 5 in Invocations
 14302 | D:8      | Annihilated by Gastronok

Illustrated notes

Levels and vault maps discovered:
D:1:      evilmike_arrival_rings, layout_loops_ring,
          chequers_ecumenical_altar_simple_redux, hex_medium
D:2:      layout_rooms, lightli_corner_chamber
D:3:      layout_basic
D:4:      layout_rooms
D:5:      layout_basic, nicolae_overflow_hidden_temple, serial_curves,
          eino_curves_02, eino_curves_04
D:6:      layout_cave_pods, nicolae_uskayaw_murder_on_the_dancefloor,
          serial_rivers, chequers_serial_rivers_micro_b,
          chequers_serial_rivers_small_a, chequers_serial_rivers_large_a,
          chequers_serial_rivers_room_a, chequers_serial_rivers_micro_e,
          chequers_serial_rivers_room_a, uniq_pikel, uniq_sigmund
D:7:      nzn_winding_woodlands_medium [nzn_winding_woodlands_5x5_open_star,
          nzn_winding_woodlands_5x15_sidewinder,
          nzn_winding_woodlands_5x5_default,
          nzn_winding_woodlands_5x5_perimeter,
          nzn_winding_woodlands_center_lodge, nzn_winding_woodlands_hourglass,
          nzn_winding_woodlands_5x5_checkerboard,
          nzn_winding_woodlands_5x15_jagged, nzn_winding_woodlands_5x5_three],
          layout_loops_corners, nicolae_yredelemnul_corpse_copse,
          minmay_temple_entry_glass, chequers_serial_rivers_room_a
D:8:      layout_cave_pools, chequers_temple_overflow_statue_of_worship
D:9:      layout_irregular_city, hiddenorc1_lemuel, the_hattery, uniq_grum,
          uniq_gastronok
Temple:   regret_index_temple_waves

Skill      XL: |  1  2  3  4  5  6  7  8  9 10 |
---------------+-------------------------------+-----
Transmutations | 2 3 4 5 6 7 |  7.4
Unarmed Combat | 4 5 6 7 8 9 |  9.6
Poison Magic   | 1 2 3 |  3.0
Fighting       | 3 5 7 |  7.0
Dodging        | 3 5 6 7 |  7.0
Invocations    | 2 5 |  5.0
Throwing       | 2 |  2.9
Evocations     | 2 |  2.5
Spellcasting   | |  1.5

Action                   |  1- 3 |  4- 6 |  7- 9 | 10-12 || total
-------------------------+-------+-------+-------+-------++-------
Melee: Unarmed           |    87 |   102 |   235 |   168 ||   592
       Headbutt          |    14 |       |     1 |     1 ||    16
       Punch             |     1 |       |       |       ||     1
       Kick              |    11 |     2 |       |       ||    13
Throw: Boomerang         |     3 |       |       |       ||     3
       Dart              |       |       |     8 |    10 ||    18
 Cast: Beastly Appendage |    27 |     2 |       |       ||    29
       Spider Form       |       |    20 |    40 |    29 ||    89
       Wereblood         |       |       |       |     1 ||     1
Invok: Heroism           |       |       |     3 |     3 ||     6
 Abil: End Transformatio |       |       |     1 |       ||     1
Evoke: Wand              |       |       |     2 |     1 ||     3
  Use: Scroll            |       |    11 |     2 |       ||    13
       Potion            |       |       |       |     2 ||     2
 Stab: Sleeping          |       |       |     3 |       ||     3
Armor: Robe              |    16 |     4 |     3 |     2 ||    25
       Skin              |       |     5 |     8 |     9 ||    22
Dodge: Dodged            |    42 |    96 |   188 |   183 ||   509
Block: Other             |       |       |    40 |    46 ||    86
       Reflection        |       |       |     2 |       ||     2
